 Dungeon Crawl Stone Soup version 0.31-a0-145-g046c7d2549 (webtiles) character file.

Game seed: 13825101840791940487

86949 testman the Warrior (level 15, 0/155 HPs)
             Began as a Minotaur Berserker on June 1, 2023.
             Was a High Priest of Trog.
             Collided with some lava (5 damage)
             ... caused by a swamp worm
             ... on level 4 of the Lair of Beasts on June 5, 2023.
             The game lasted 01:15:38 (18452 turns).

testman the Warrior (Minotaur Berserker)           Turns: 18452, Time: 01:15:39

Health: 0/155      AC: 27    Str: 30    XL:     15   Next: 42%
Magic:  14/14      EV: 12    Int:  4    God:    Trog [*****.]
Gold:   1574       SH:  0    Dex: 11    Spells: 14/14 levels left

rFire   + . .        I - +0 battleaxe
rCold   . . .        (shield currently unavailable)
rNeg    . . .        T - quicksilver dragon scales
rPois   .            (helmet restricted)
rElec   .            P - +2 cloak of Sorcery {Dex+2}
rCorr   .            J - +2 pair of gloves {hurl}
SInv    .            K - +3 pair of seven-league boots {Rampage+∞}
Will    ++++.        w - amulet of Vitality {RegenMP++ Regen++}
Stlth   +            l - ring of protection from fire
HPRegen 3.05/turn    o - +4 ring of protection
MPRegen 0.94/turn

%: rampage+∞
@: lethally poisoned (0 -> -18), strong-willed, regenerating
A: horns 2, retaliatory headbutt
a: Renounce Religion, Berserk, Trog's Hand, Brothers in Arms


You were on level 4 of the Lair of Beasts.
You worshipped Trog.
Trog was extremely pleased with you.
You visited 2 branches of the dungeon, and saw 19 of its levels.
You also visited: Sewer and Gauntlet.

You collected 1761 gold pieces.
You spent 187 gold pieces at shops.

Inventory:

Hand Weapons
 f - a +0 dire flail
 I - a +0 battleaxe (weapon)
Missiles
 p - a throwing net
 u - 26 poisoned darts (quivered)
 y - 5 javelins
 N - 2 curare-tipped darts
 R - 4 silver javelins
Armour
 k - the +1 pair of boots of Baak {+Inv rPois Dex-2}
   (You found it on level 2 of the Dungeon)

   Dex:       It affects your dexterity (-2).
   rPois:     It protects you from poison.
   +Inv:      It lets you turn invisible.
 J - a +2 pair of gloves of hurling (worn)
 K - the +3 pair of seven-league boots (worn) {Rampage+∞}
   (You found it on level 12 of the Dungeon)

   Rampage+∞: When moving toward enemies, its wearer moves as far as possible,
   alerting their target en route.
 P - the +2 cloak of Sorcery (worn) {Dex+2}
   (You found it in a Gauntlet)

   Dex:       It affects your dexterity (+2).
 T - quicksilver dragon scales (worn)
Jewellery
 l - a ring of protection from fire (left hand)
 o - a +4 ring of protection (right hand)
 w - the amulet of Vitality (around neck) {RegenMP++ Regen++}
   (You found it on level 9 of the Dungeon)

   [amulet of magic regeneration]

   It increases your rate of magic regeneration.
   Regen:     It increases your rate of health regeneration.
 S - a ring of resist corrosion
Wands
 i - a wand of charming (23)
 t - a wand of flame (54)
 v - a wand of light (27)
 F - a wand of digging (6)
 G - a wand of roots (14)
Scrolls
 a - 2 scrolls of teleportation
 b - 3 scrolls of enchant armour
 d - 4 scrolls of enchant weapon
 g - 6 scrolls of fear
 h - a scroll of blinking
 m - 4 scrolls of fog
 D - 4 scrolls of immolation
 E - a scroll of summoning
 O - a scroll of silence
Potions
 c - 2 potions of enlightenment
 e - a potion of attraction
 j - 4 potions of heal wounds
 n - 4 potions of lignification
 q - 2 potions of ambrosia
 r - 2 potions of resistance
 s - 8 potions of haste
 z - 3 potions of invisibility
 A - 3 potions of mutation
 B - 4 potions of might
 C - 3 potions of curing
 H - a potion of berserk rage {unknown}
 L - a potion of magic {unknown}
 M - a potion of cancellation {unknown}
Miscellaneous
 x - a phial of floods
 Q - a piece from Xom's chessboard (15/15)


   Skills:
 + Level 19.6 Fighting
 + Level 19.6 Axes
 - Level 7.6 Throwing
 - Level 8.1 Armour
 - Level 3.0 Dodging
 - Level 10.8 Evocations


You had 14 spell levels left.
You didn't know any spells.
Your spell library contained the following spells:

 Spells                   Type           Power      Damage    Failure   Level
 Apportation              Tloc           0%         N/A       61%         1
 Beastly Appendage        Tmut           0%         N/A       61%         1
 Necrotise                Necr           0%         1d4       61%         1
 Summon Small Mammal      Summ           0%         N/A       61%         1
 Blink                    Tloc           0%         N/A       75%         2
 Lesser Beckoning         Tloc           0%         N/A       75%         2
 Momentum Strike          Conj/Tloc      0%         3d8       75%         2
 Static Discharge         Conj/Air       0%         2-2/arc   75%         2
 Sublimation of Blood     Necr           0%         N/A       75%         2
 Wereblood                Tmut           0%         N/A       75%         2
 Call Canine Familiar     Summ           0%         N/A       93%         3
 Dazzling Flash           Conj/Hex       0%         N/A       93%         3
 Gell's Gravitas          Tloc           0%         N/A       93%         3
 Inner Flame              Hex/Fire       0%         N/A       93%         3
 Spider Form              Tmut/Pois      0%         N/A       93%         3
 Summon Guardian Golem    Hex/Summ       0%         N/A       93%         3
 Teleport Other           Tloc           0%         N/A       93%         3
 Vhi's Electric Charge    Tloc/Air       0%         N/A       93%         3
 Volatile Blastmotes      Fire/Tloc      0%         2d10      93%         3
 Airstrike                Air            0%         2d(0-16)  100%        4
 Fulminant Prism          Conj/Hex       0%         3d5       100%        4
 Iskenderun's Mystic Bla  Conj/Tloc      0%         2d3       100%        4
 Manifold Assault         Tloc           0%         N/A       100%        4
 Passage of Golubria      Tloc           0%         N/A       100%        4
 Summon Lightning Spire   Summ/Air       0%         N/A       100%        4
 Agony                    Necr           0%         N/A       100%        5
 Arcjolt                  Conj/Air       0%         1d10      100%        5
 Silence                  Hex/Air        0%         N/A       100%        5
 Yara's Violent Unravell  Hex/Tmut       0%         3d3       100%        5
 Dispersal                Tloc           0%         N/A       100%        6
 Plasma Beam              Fire/Air       0%         2x1d10    100%        6
 Starburst                Conj/Fire      0%         6d3       100%        6
 Enfeeble                 Hex            0%         N/A       100%        7
 Spellforged Servitor     Conj/Summ      0%         N/A       100%        7
 Summon Hydra             Summ           0%         N/A       100%        7
 Disjunction              Tloc           0%         N/A       100%        8
 Lehudib's Crystal Spear  Conj/Erth      0%         10d2      100%        8
 Chain Lightning          Conj/Air       0%         N/A       100%        9
 Fire Storm               Conj/Fire      0%         5d1       100%        9
 Shatter                  Erth           0%         3d5*      100%        9


Dungeon Overview and Level Annotations

Branches:
Dungeon (15/15)            Temple (0/1) D:5            Lair (4/5) D:8
  Swamp (0/4) Lair:3       Spider (0/4) Lair:2          Orc (0/2) D:9
 Vaults (0/5) D:13         Depths (0/4) D:15          Sewer (visited)
Gauntlet (visited)
  Slime: Lair:4-5

Altars:
Gozag
Trog
Vehumet
Wu Jian

Shops:
D:2 [[((

Portals:
Abyss: D:4
Trove: D:10 (show slimy rune of Zot)

Annotations:
Lair:4 1 transporter


Innate Abilities, Weirdness & Mutations

You have a pair of horns on your head.
You reflexively headbutt those who attack you in melee.


Message History

You violently stop moving!
The swamp worm fires a harpoon shot at you.
The harpoon shot hits you but does no damage.
The swamp worm fires a harpoon shot at you.
The harpoon shot hits you.
You are yanked forward by the harpoon shot.
You violently stop moving!
Your skin crawls.
You feel strong-willed.
You are engulfed in dark miasma.
You are more poisoned.
You feel extremely sick.
The swamp worm fires a harpoon shot at you.
The harpoon shot hits you.
* * * LOW HITPOINT WARNING * * *
You are yanked forward by the harpoon shot.
You violently stop moving!
The swamp worm fires a harpoon shot at you.
The harpoon shot hits you.
* * * LOW HITPOINT WARNING * * *
You are yanked forward by the harpoon shot.
You violently stop moving!
* * * LOW HITPOINT WARNING * * *
The swamp worm fires a harpoon shot at you.
The harpoon shot hits you!!
* * * LOW HITPOINT WARNING * * *
You are yanked forward by the harpoon shot.
You violently stop moving!
Okay, then.
As you read the scroll of fog, it crumbles to dust.
The scroll dissolves into smoke.
You are engulfed in dark miasma.
You are lethally poisoned!
* * * LOW HITPOINT WARNING * * *
x2 You feel extremely sick.
The swamp worm fires a harpoon shot at you.
The harpoon shot hits you.
* * * LOW HITPOINT WARNING * * *
You are yanked forward by the harpoon shot.
You violently stop moving!
You die...

##.P..........####.##
##.........
##...........##....###.#........
##P.>................##........
#....[...#########............
####.....##w#♣#w##............
#..####§§#≈≈≈§##...........
#..#[?#PP§PP..P#.#.........
#.©#©(+☼^§§§^^©#©#.........
#..#"/#PP§@§...#.#...... ..
##.####≈≈§#§≈≈##........ .. #..
#w#w#w#♣#......... .. ##. #
##### ....... . .. ## .....
........ .. ...#........... ..
... ............ .. ##.. #... ..
..


You could see 5 swamp worms.

Vanquished Creatures
  A minotaur (Gauntlet)
  The ghost of smokingjp the Basher, a journeyman AtFi (Lair:2)
  A fire dragon (D:9)
  4 vault guards (D:13)
  Josephine (D:13)
  5 hydras
  An ogre mage (D:15)
  5 two-headed ogres
  A catoblepas (Lair:1)
  5 centaur warriors
  Erica (D:8)
  4 boulder beetles
  A tengu warrior (D:9)
  A death knight (D:14)
  2 skeletal warriors
  2 skysharks (Lair:2)
  2 wizards (D:15)
  Pikel (D:7)
  A necromancer (D:15)
  3 phantasmal warriors
  A wolf spider zombie (D:15)
  6 deep elf pyromancers
  25 ugly things
  An orc sorcerer (D:15)
  6 elephants (Lair:2)
  2 oklob plants
  13 cyclopes
  5 manticores
  3 black mambas
  A toenail golem (D:4)
  A guardian serpent (D:12)
  A black mamba (shapeshifter) (D:13)
  A naga mage (D:15)
  2 centaur zombies (D:15)
  A torpor snail (Lair:2)
  11 cane toads
  A centaur skeleton (D:15)
  A rime drake (Lair:1)
  An unseen horror (D:10)
  2 tengu conjurers
  6 komodo dragons
  An efreet (D:13)
  3 freezing wraiths (D:14)
  10 trolls
  3 meliai (Gauntlet)
  A queen bee (Gauntlet)
  5 polar bears
  A tyrant leech (Lair:3)
  7 hornets
  11 blink frogs
  A slime creature (D:12)
  7 spriggans (D:12)
  3 shadows
  12 wraiths
  A vampire (D:9)
  4 wyverns
  29 yaks
  2 fire bats (Lair:2)
  An unseen horror simulacrum (D:9)
  Eustachio (D:4)
  9 basilisks
  The ghost of Pimp the Chiller, an amateur BaIE of Vehumet (D:4)
  8 vampire mosquitoes
  Menkaure (D:7)
  4 swamp worms (Lair:3)
  3 acid dragons
  14 water moccasins
  A swamp drake (D:8)
  3 ice beasts
  11 orc warriors
  2 sky beasts
  5 wolves (Lair:4)
  5 centaurs
  3 lemures (D:7)
  Blork the orc (D:4)
  3 kobold brigands
  13 bullfrogs
  2 gnoll sergeants
  11 scorpions
  14 wights
  7 killer bees
  A small abomination (D:4)
  An electric eel (Lair:2)
  6 howler monkeys
  A jelly (D:8)
  10 orc priests
  A gnoll bouda (D:9)
  5 hounds
  6 sleepcaps
  3 iguanas (D:5)
  19 orc wizards
  6 hell rats (Lair:2)
  A boggart skeleton (D:15)
  16 adders
  15 gnolls
  4 river rats
  A shadow imp (D:7)
  2 ufetubi
  4 worms
  57 orcs
  3 bats
  5 endoplasms
  8 giant cockroaches
  7 goblins
  6 hobgoblins
  8 quokkas
  15 ball pythons
  8 frilled lizards
  21 kobolds
  31 rats
629 creatures vanquished.

Vanquished Creatures (collateral kills)
  2 hydras
2 creatures vanquished.

Vanquished Creatures (others)
  A manticore (D:13)
  A yak (Lair:1)
2 creatures vanquished.

Grand Total: 633 creatures vanquished

Notes
Turn   | Place    | Note
-------+----------+-------------------------------------------
     0 | D:1      | testman the Minotaur Berserker began the quest for the Orb.
     0 | D:1      | Reached XP level 1. HP: 19/19 MP: 0/0
   107 | D:1      | Reached XP level 2. HP: 24/27 MP: 1/1
   270 | D:1      | Reached ** piety under Trog
   278 | D:1      | Reached XP level 3. HP: 34/34 MP: 2/2
   570 | D:2      | Found Divig's Weapon Emporium.
   705 | D:2      | Found Bill's Weapon Shoppe.
   999 | D:2      | Reached skill level 5 in Fighting
   999 | D:2      | Reached skill level 5 in Axes
   999 | D:2      | Reached XP level 4. HP: 41/42 MP: 3/3
  1011 | D:2      | Found Ijeluo's Antique Armour Shop.
  1053 | D:2      | Found Winuynt's Antique Armour Shoppe.
  1059 | D:2      | Identified the +1 pair of boots of Baak {+Inv rPois Dex-2}
  1362 | D:3      | Found a bloodstained altar of Trog.
  1382 | D:3      | Reached XP level 5. HP: 45/48 MP: 4/4
  1563 | D:3      | Found a radiant altar of Vehumet.
  2257 | D:4      | Noticed Blork the orc
  2263 | D:4      | Reached XP level 6. HP: 35/57 MP: 5/5
  2271 | D:4      | Killed Blork the orc
  2272 | D:4      | Reached skill level 1 in Evocations
  2457 | D:4      | Reached *** piety under Trog
  2484 | D:4      | Noticed Eustachio
  2496 | D:4      | Killed Eustachio
  2497 | D:4      | Reached XP level 7. HP: 66/66 MP: 6/6
  2543 | D:4      | Found a transporter.
  2545 | D:4      | Found a transporter.
  2545 | D:4      | Found a one-way gate to the infinite horrors of the Abyss.
  2545 | D:4      | Noticed Pimp's ghost (amateur BaIE)
  2604 | D:4      | Noticed a toenail golem
  3006 | D:4      | Killed Pimp's ghost
  3007 | D:4      | Killed a toenail golem
  3008 | D:4      | Reached XP level 8. HP: 31/74 MP: 7/7
  3095 | D:5      | Entered Level 5 of the Dungeon
  3150 | D:5      | Found a staircase to the Ecumenical Temple.
  4144 | D:6      | Upgraded the game from 0.31-a0-128-g25add195a6 to
                  | 0.31-a0-145-g046c7d2549
  4200 | D:6      | Found a glowing drain.
  4216 | Sewer    | Entered a sewer
  4309 | Sewer    | Reached **** piety under Trog
  4584 | D:6      | Reached skill level 5 in Evocations
  4655 | D:6      | Found an ornate altar of the Wu Jian Council.
  4829 | D:6      | Reached XP level 9. HP: 79/84 MP: 8/8
  5343 | D:7      | Reached ***** piety under Trog
  5344 | D:7      | Reached skill level 10 in Fighting
  5344 | D:7      | Reached skill level 10 in Axes
  5501 | D:7      | Noticed Pikel
  5524 | D:7      | Killed Pikel
  5625 | D:7      | Noticed Menkaure
  5633 | D:7      | Killed Menkaure
  5832 | D:7      | Reached XP level 10. HP: 73/95 MP: 9/9
  5839 | D:7      | Paralysed by a hornet for 3 turns
  6615 | D:8      | Noticed Erica
  6634 | D:8      | Killed Erica
  7088 | D:8      | Found a staircase to the Lair.
  7514 | D:2      | Bought a pair of glowing gloves for 187 gold pieces
  7899 | D:9      | Noticed a skeletal warrior
  7909 | D:9      | Killed a skeletal warrior
  7909 | D:9      | Noticed a tengu warrior
  7910 | D:9      | Reached skill level 1 in Throwing
  7910 | D:9      | Reached XP level 11. HP: 105/105 MP: 10/10
  8088 | D:9      | Noticed a fire dragon
  8096 | D:9      | Killed a fire dragon
  8163 | D:9      | Killed a tengu warrior
  8214 | D:9      | Found the amulet of Vitality {RegenMP++ Regen++}
  8263 | D:9      | Noticed a centaur warrior
  8266 | D:9      | Killed a centaur warrior
  8427 | D:9      | Identified the amulet "Sob Tyn" {Faith rN+ Will+ Str+3}
  8538 | D:9      | Noticed a boulder beetle
  8563 | D:9      | Killed a boulder beetle
  8829 | D:9      | Found a staircase to the Orcish Mines.
  9016 | D:10     | Entered Level 10 of the Dungeon
  9058 | D:10     | Found a portal to a secret trove of treasure.
  9079 | D:10     | Received a gift from Trog
  9246 | Lair:1   | Entered Level 1 of the Lair of Beasts
  9260 | Lair:1   | Reached XP level 12. HP: 116/116 MP: 11/11
  9264 | Lair:1   | Reached skill level 5 in Throwing
  9355 | Lair:1   | Noticed a catoblepas
  9379 | Lair:1   | Killed a catoblepas
  9438 | Lair:1   | Reached skill level 5 in Armour
 10034 | Lair:2   | Noticed a seven-headed hydra
 10057 | Lair:1   | Killed an eight-headed hydra
 10093 | Lair:2   | Reached skill level 10 in Evocations
 10096 | Lair:2   | Found a hole to the Spider Nest.
 10325 | Lair:2   | Found a runed translucent gate.
 10325 | Lair:2   | Found a runed translucent gate.
 10326 | Lair:2   | Found a runed translucent gate.
 10330 | Lair:2   | Noticed smokingjp's ghost (journeyman AtFi)
 10467 | Lair:2   | Noticed a boulder beetle
 10482 | Lair:2   | Killed a boulder beetle
 10590 | Lair:2   | Reached XP level 13. HP: 125/125 MP: 12/12
 11073 | Lair:2   | Killed smokingjp's ghost
 11093 | Lair:3   | Found a gate leading to a gauntlet.
 11121 | Gauntlet | Entered a Gauntlet
 11121 | Gauntlet | Found a transporter.
 11130 | Gauntlet | Found a transporter.
 11144 | Gauntlet | Found a transporter.
 11154 | Gauntlet | Found a transporter.
 11170 | Gauntlet | Found a transporter.
 11178 | Gauntlet | Found a runed translucent door.
 11182 | Gauntlet | Found a transporter.
 11187 | Gauntlet | Found a transporter.
 11189 | Gauntlet | Found a transporter.
 11190 | Gauntlet | Found a transporter.
 11200 | Gauntlet | Found a transporter.
 11209 | Gauntlet | Found a transporter.
 11209 | Gauntlet | Found a transporter.
 11234 | Gauntlet | Found a transporter.
 11248 | Gauntlet | Found a transporter.
 11346 | Gauntlet | Got the Treatise on Blasts
 11386 | Gauntlet | Identified the +2 cloak of Sorcery {Dex+2}
 11453 | Gauntlet | Noticed a minotaur
 11461 | Gauntlet | Killed a minotaur
 11468 | Gauntlet | Identified the +6 quarterstaff of Tioruuk {freeze, Int+3}
 11468 | Gauntlet | Identified the +1 ring mail "Voduint" {rN+ Will+ Dex-4}
 11594 | Lair:3   | Reached skill level 15 in Fighting
 11594 | Lair:3   | Reached skill level 15 in Axes
 12089 | Lair:3   | Paralysed by a hornet for 1 turns
 12985 | D:10     | Identified the +0 robe "Byipt" {*Slow Str-2 Slay+5
                  | Archmagi}
 15096 | D:12     | Reached XP level 14. HP: 112/138 MP: 13/13
 15185 | D:12     | Found the +3 pair of seven-league boots {Rampage+∞}
 15246 | D:13     | Noticed Josephine
 15252 | D:13     | Killed Josephine
 15392 | D:13     | Found a gate to the Vaults.
 16139 | D:14     | Found an opulent altar of Gozag.
 16952 | D:15     | Entered Level 15 of the Dungeon
 17137 | D:15     | Reached XP level 15. HP: 150/150 MP: 14/14
 17260 | D:15     | Found a staircase to the Depths.
 17904 | Lair:3   | Found a staircase to the Swamp.
 18211 | Lair:4   | Identified the +1 trident "Koett" {elec, rF- Will+++ rCorr
                  | Dex+3}
 18384 | Lair:4   | Found a transporter.
 18423 | Lair:4   | Found an opulent altar of Gozag.
 18428 | Lair:4   | Found a transporter.
 18452 | Lair:4   | HP: 6/155 [poison (dark miasma)]
 18452 | Lair:4   | Collided with some lava

Illustrated notes

Levels and vault maps discovered:
D:1:      evilmike_arrival_fibonacci_small, layout_basic
D:2:      layout_basic, serial_shops, nicolae_shop_real_fake_doors,
          nicolae_shop_bloodbath_and_beyond, nicolae_diamond_shop,
          nicolae_shop_gibbet_a_chance
D:3:      layout_loops_ring, mainiacjoe_overflow_large_starburst
D:4:      layout_basic, gammafunk_ghost_abyssal_escape, uniq_blork_the_orc,
          uniq_eustachio
D:5:      layout_basic, minmay_temple_entry_ruins, guppyfry_early_orc_mine
D:6:      layout_loops_cross, nicolae_wu_jian_immortal_techniques,
          portal_sewer_entry_a, serial_park_tiny_pond, kennysheep_pointless_box,
          minmay_increasing_density
D:7:      layout_basic, uniq_pikel, uniq_menkaure
D:8:      layout_rooms, erik_lair_dragon, amcnicky_mini_corridor_feature,
          dreamdust_princess_bridge, uniq_erica
D:9:      minmay_chopped_fan, layout_basic, hiddenorc1_lemuel, nzn_life_drinkers
D:10:     layout_cave_pods, enter_trove_1
D:11:     layout_loops_ring, serial_co_window_serial,
          co_window_of_opportunity_a, co_window_paths_b, co_window_paths_a,
          co_window_cross_1, co_window_of_opportunity_a, co_window_corner_ca,
          co_window_corner_cb, co_window_unsneaky_path_a, co_window_broadway_c,
          co_window_unsneaky_path_c, co_window_broadway_b, co_window_cross_4,
          glass_columns_a, glass_columns_a, glass_columns_c, glass_columns_a,
          kennysheep_small_circle
D:12:     kb_forest_paths, layout_small_grid,
          hellmonk_guarded_unrand_seven_league_boots
D:13:     layout_basic, lightli_vaults_fourway_checkpoint, uniq_josephine
D:14:     layout_gridville, nicolae_gozag_seed_capital
D:15:     grunt_enter_depths_magical_seal, layout_rooms,
          hangedman_abyss_or_decor_passed
Lair:1:   layout_chaotic_city
Lair:2:   layout_gridlike, nicolae_spider_entry_non_spiders,
          ebering_ghost_rock_garden
Lair:3:   layout_regular_city, palyth_hydra_swamp_entry, gauntlet_entry_generic,
          dreamdust_wasp_nest
Lair:4:   gammafunk_worm_tunnel, layout_hall_layers, basic_altar,
          infiniplex_staircase_pool_2

Skill      XL: |  1  2  3  4  5  6  7  8  9 10 11 12 13 14 15 |
---------------+----------------------------------------------+-----
Fighting       | 4 5 6 7 8 9 11 12 13 14 16 18 19 | 19.6
Axes           | 4 5 6 7 8 9 11 12 13 14 16 18 19 | 19.6
Evocations     | 2 3 5 6 8 9 10 | 10.8
Throwing       | 1 4 6 7 |  7.6
Armour         | 4 7 8 |  8.1
Dodging        | 3 |  3.0

Action                     |  1- 3 |  4- 6 |  7- 9 | 10-12 | 13-15 || total
---------------------------+-------+-------+-------+-------+-------++-------
  Melee: Hand axe          |    63 |   142 |   428 |   149 |       ||   782
         Headbutt          |    14 |    18 |    87 |   101 |   164 ||   384
         Punch             |       |       |     8 |     1 |       ||     9
         Battleaxe         |       |       |       |   445 |   775 ||  1220
         Dire flail        |       |       |       |       |    25 ||    25
  Throw: Dart              |       |       |       |     2 |       ||     2
 Invoke: Trog's Hand       |       |     3 |     2 |    14 |    15 ||    34
         Berserk           |       |     2 |     2 |    16 |    15 ||    35
         Brothers in Arms  |       |       |       |     1 |     1 ||     2
    Use: Scroll            |       |       |    10 |     5 |    18 ||    33
         Potion            |       |       |       |     3 |       ||     3
   Stab: Sleeping          |     1 |       |       |       |       ||     1
         Petrified         |       |       |       |     3 |       ||     3
         Distracted        |       |       |       |       |     1 ||     1
 Armour: Animal skin       |    10 |    28 |       |       |       ||    38
         Scale mail        |       |     8 |       |       |       ||     8
         Leather armour    |       |       |   164 |   131 |       ||   295
         Chain mail        |       |       |       |   262 |    52 ||   314
         Quicksilver drago |       |       |       |       |   477 ||   477
  Dodge: Dodged            |    40 |    82 |   192 |   285 |   408 ||  1007

Table legend: (Time is in decaauts)
 A = Elapsed time spent in this place.
 B = Non-inter-level travel time spent in this place.
 C = Inter-level travel time spent in this place.
 D = Time resting spent in this place.
 E = Time spent auto-exploring this place.
 F = Levels seen in this place.
 G = Mean time per level.
                   A        B        C        D        E       F      G
               +--------+--------+--------+--------+--------+-----+--------+
         Total |  18621 |  17184 |   1437 |    945 |  12265 |  21 |  886.7 |
       Dungeon |  14449 |  13208 |   1241 |    694 |   9820 |  15 |  963.3 |
          Lair |   3362 |   3166 |    196 |    234 |   2014 |   4 |  840.5 |
         Sewer |    337 |    337 |      0 |      0 |    187 |   1 |  337.0 |
      Gauntlet |    471 |    471 |      0 |     16 |    243 |   1 |  471.0 |
               +--------+--------+--------+--------+--------+-----+--------+

Top non-repeatable levels by time:
     D:9: 1529 daAuts
     D:8: 1238 daAuts
     D:7: 1210 daAuts
    D:11: 1170 daAuts
  Lair:2: 1155 daAuts
     D:5: 1121 daAuts
  Lair:3: 1088 daAuts
     D:4: 1083 daAuts
    D:14: 1080 daAuts
    D:12: 1077 daAuts
     D:3: 905 daAuts
  Lair:1: 850 daAuts
     D:6: 813 daAuts
    D:10: 784 daAuts
     D:2: 729 daAuts
